 Dungeon Crawl Stone Soup version 0.28-a0-998-gb9e9c7b67e (webtiles) character file.

Game seed: 13615928773646388806

93 r3xj the Chopper (level 4, -3/40 HPs)
             Began as a Minotaur Berserker on Dec 6, 2021.
             Was a Believer of Trog.
             Slain by a gnoll (6 damage)
             ... on level 3 of the Dungeon.
             The game lasted 00:03:47 (2861 turns).

r3xj the Chopper (Minotaur Berserker)               Turns: 2861, Time: 00:03:48

Health: -3/40      AC:  2    Str: 22    XL:     4   Next: 36%
Magic:  3/3        EV: 12    Int:  4    God:    Trog [**....]
Gold:   34         SH:  0    Dex: 11    Spells: 3/3 levels left

rFire   . . .      SeeInvis .   a - +0 hand axe
rCold   . . .      Faith    .   (no shield)
rNeg    . . .      Spirit   .   b - +0 animal skin
rPois   .          Reflect  .   (helmet restricted)
rElec   .          Harm     .   (no cloak)
rCorr   .          Rampage  .   (no gloves)
Will    .....                   (no boots)
Stlth   +.........              (no amulet)
HPRegen 0.13/turn               (no ring)
MPRegen 0.08/turn               (no ring)

@: no status effects
A: horns 2, retaliatory headbutt
a: Renounce Religion, Berserk, Trog's Hand


You were on level 3 of the Dungeon.
You worshipped Trog.
Trog was pleased with you.
You visited 1 branch of the dungeon, and saw 3 of its levels.

You collected 34 gold pieces.

Inventory:

Hand Weapons
 a - a +0 hand axe (weapon)
Missiles
 p - 16 poisoned darts (quivered)
Armour
 b - a +0 animal skin (worn)
 k - a +0 tower shield
Scrolls
 c - 2 scrolls of enchant armour {unknown}
 e - 2 scrolls of amnesia {unknown}
 i - 2 scrolls of teleportation {unknown}
 j - a scroll of magic mapping {unknown}
 l - a scroll of blinking {unknown}
 n - a scroll of identify {unknown}
 q - a scroll of brand weapon {unknown}
Potions
 d - 2 potions of attraction {unknown}
 f - a potion of resistance {unknown}
 g - a potion of degeneration {unknown}
 h - a potion of might {unknown}
 m - a potion of invisibility {unknown}
 o - 2 potions of curing {unknown}


   Skills:
 + Level 4.2 Fighting
 * Level 4.9 Axes
 + Level 3.3 Armour
 + Level 2.9 Dodging


You had 3 spell levels left.
You didn't know any spells.
Your spell library was empty.

Dungeon Overview and Level Annotations

Branches:
Dungeon (3/15)

Altars:
Makhleb


Innate Abilities, Weirdness & Mutations

You have a pair of horns on your head.
You reflexively headbutt those who attack you in melee.


Message History

The gnoll hits you from afar with a +0 spear.
There are monsters nearby!
You slash the gnoll!
You kill the gnoll!
Trog accepts your kill.
The gnoll hits you from afar with a +0 spear.
There are monsters nearby!
You hit the gnoll.
The gnoll is moderately wounded.
The gnoll barely misses you. The gnoll closely misses you.
The gnoll hits you from afar with a +0 halberd!
There are monsters nearby!
You slash the gnoll!
You kill the gnoll!
Trog accepts your kill.
The gnoll hits you from afar with a +0 spear!
The gnoll barely misses you.
There are monsters nearby!
You are too injured to fight recklessly!
There are monsters nearby!
You see here a +0 mace.
The gnoll closely misses you.
You barely miss the gnoll. You headbutt the gnoll.
The gnoll is lightly wounded.
The gnoll hits you with a +0 spear. The gnoll barely misses you.
You closely miss the gnoll.
The gnoll is lightly wounded.
The gnoll completely misses you.
The gnoll hits you from afar with a +0 halberd.
* * * LOW HITPOINT WARNING * * *
You slash the gnoll! You headbutt the gnoll.
The gnoll is almost dead.
The gnoll hits you with a +0 spear.
* * * LOW HITPOINT WARNING * * *
The gnoll hits you from afar with a +0 halberd.
* * * LOW HITPOINT WARNING * * *
You hit the gnoll but do no damage.
The gnoll is almost dead.
The gnoll hits you with a +0 spear.
You die...

#....######...#.### #..##
#.............#.## ##....
#..........####..# #.....
####.......# ##.# #.....
#.......# #.###.....
#.......# #..####.##
########..(....# ##.## #.#
..........gg...######..#
#.#
##########.#@..........#
#.# #g#.########..# #.##
#g#.# #..###... #.#.#
#...#.... #.#.# #.#.#....
#)#.########.#.#....
#.#.#.....##.#.#....
..#####.#.#.....##.#.#....
..........#...?.##.#(#....


You could see 2 gnolls.

Vanquished Creatures
  2 gnolls (D:3)
  An adder (D:2)
  A worm (D:2)
  4 dart slugs
  2 endoplasms
  4 giant cockroaches (D:1)
  5 goblins
  4 hobgoblins (D:1)
  2 jackals (D:2)
  4 quokkas
  5 ball pythons
  5 bats
  3 frilled lizards
  7 kobolds
  5 rats
54 creatures vanquished.

Notes
Turn   | Place    | Note
-------+----------+-------------------------------------------
     0 | D:1      | r3xj the Minotaur Berserker began the quest for the Orb.
     0 | D:1      | Reached XP level 1. HP: 19/19 MP: 0/0
   130 | D:1      | Reached XP level 2. HP: 7/27 MP: 1/1
   696 | D:1      | Reached ** piety under Trog
   810 | D:1      | Reached XP level 3. HP: 22/33 MP: 2/2
  1627 | D:2      | Found a burning altar of Makhleb.
  2239 | D:2      | Reached XP level 4. HP: 39/40 MP: 3/3
  2861 | D:3      | Slain by a gnoll

Illustrated notes

Levels and vault maps discovered:
D:1:      amcnicky_arrival_wind_blow, layout_basic
D:2:      layout_basic, basic_altar, kennysheep_doodads, serial_bayou_pond_e,
          interstate_on_off
D:3:      layout_basic, minmay_cupped

Skill      XL: |  1  2  3 |
---------------+----------+-----
Axes           | 4 |  4.9
Fighting       | 4 |  4.2
Armour         | 3 |  3.3
Dodging        | |  2.9

Action                   |  1- 3 |  4- 6 || total
-------------------------+-------+-------++-------
Melee: Hand axe          |    94 |    14 ||   108
       Headbutt          |    22 |     4 ||    26
 Stab: Sleeping          |     2 |       ||     2
Armor: Animal skin       |    22 |       ||    22
Dodge: Dodged            |    58 |    11 ||    69

Table legend: (Time is in decaauts)
 A = Elapsed time spent in this place.
 B = Non-inter-level travel time spent in this place.
 C = Inter-level travel time spent in this place.
 D = Time resting spent in this place.
 E = Time spent auto-exploring this place.
 F = Levels seen in this place.
 G = Mean time per level.
                   A        B        C        D        E       F      G
               +--------+--------+--------+--------+--------+-----+--------+
         Total |   2870 |   2727 |    143 |      0 |   2382 |   3 |  956.7 |
       Dungeon |   2870 |   2727 |    143 |      0 |   2382 |   3 |  956.7 |
               +--------+--------+--------+--------+--------+-----+--------+

Top non-repeatable levels by time:
     D:1: 1618 daAuts
     D:2: 1097 daAuts
     D:3: 155 daAuts
